 Dungeon Crawl Stone Soup version 0.24.1 (webtiles) character file.

Game seed: 596738580788316270, levelgen mode: deterministic

78 Destapler the Skirmisher (level 4, 0/40 HPs)
             Began as a Draconian Berserker on Mar 26, 2020.
             Was a Follower of Trog.
             Succumbed to Robin's poison
             ... on level 2 of the Dungeon.
             The game lasted 00:02:08 (1627 turns).

Destapler the Skirmisher (Draconian Berserker)      Turns: 1627, Time: 00:02:09

Health: 0/40       AC:  5    Str: 21    XL:     4   Next: 15%
Magic:  4/4        EV: 13    Int:  7    God:    Trog [*.....]
Gold:   134        SH:  0    Dex: 10    Spells: 3/3 levels left

rFire    . . .     SeeInvis .   a - +0 mace
rCold    . . .     Gourm    .   (no shield)
rNeg     . . .     Faith    .   (armour unavailable)
rPois    .         Spirit   .   (helmet restricted)
rElec    .         Reflect  .   (no cloak)
rCorr    .         Harm     .   (no gloves)
MR       .....                  (no boots)
Stlth    +.........             (no amulet)
HPRegen  0.13/turn              (no ring)
MPRegen  0.09/turn              (no ring)

@: lethally poisoned (0 -> -8), berserk cooldown, slowed, very slow
A: unfitting armour, cold-blooded, AC +5
a: Berserk, Renounce Religion


You were on level 2 of the Dungeon.
You worshipped Trog.
Trog was aware of your devotion.
You were very hungry.

You visited 1 branch of the dungeon, and saw 2 of its levels.

You collected 134 gold pieces.

Inventory:

Hand Weapons
 a - a +0 mace (weapon)
Missiles
 d - 70 stones (quivered)
Wands
 n - a wand of iceblast (9)
Scrolls
 c - a scroll of fear {unknown}
 f - a scroll of amnesia {unknown}
 g - 2 scrolls of identify {unknown}
 j - a scroll of magic mapping {unknown}
 l - a scroll of remove curse {unknown}
 m - a scroll of teleportation {unknown}
Potions
 e - a potion of curing {unknown}
 i - 2 potions of cancellation {unknown}
 k - a potion of heal wounds {unknown}
 o - a potion of might {unknown}
Comestibles
 b - 5 rations


   Skills:
 + Level 4.1 Fighting
 + Level 3.8 Maces & Flails
 + Level 3.4 Dodging


You had 3 spell levels left.
You didn't know any spells.
Your spell library was empty.

Dungeon Overview and Level Annotations

Branches:
Dungeon (2/15)

Altars:
Okawaru
Qazlal
Uskayaw
Vehumet
Xom


Innate Abilities, Weirdness & Mutations

Your plain brown scales are hard. (AC +5)
You cannot fit into any form of body armour.
You are cold-blooded and may be slowed by cold attacks.


Message History

You thump the rat!
You kill the rat!
Trog accepts your kill.
Robin says, "Feeling lonely?"
The goblin hits you with a +0 club.
* * * LOW HITPOINT WARNING * * *
You hit Robin.
Robin is moderately wounded.
Robin hits you but does no damage.
You are lethally poisoned!
You are too berserk!
You sock Robin!
You kill Robin!
Trog accepts your kill.
You have reached level 4!
You feel stronger.
You are no longer berserk.
You are exhausted.
You feel yourself slow down.
You die...

#..> ....
..... .....
##.....
......###
#....g>)# #
#. #@##.#
###.. #)g!.#
#....###.####
#.....#
###.### #.#
#.# #.# #.#
#.# #.# #.#
#.#


You could see a hobgoblin and a goblin.

Vanquished Creatures
  Robin (D:2)
  4 adders (D:2)
  A worm (D:2)
  A leopard gecko (D:1)
  2 giant cockroaches (D:1)
  9 goblins
  5 hobgoblins (D:2)
  A bat (D:1)
  A frilled lizard (D:2)
  A kobold (D:2)
  3 rats
29 creatures vanquished.

Notes
Turn   | Place    | Note
-------+----------+-------------------------------------------
     0 | D:1      | Destapler the Draconian Berserker began the quest for the
                  | Orb.
     0 | D:1      | Reached XP level 1. HP: 19/19 MP: 1/1
   707 | D:1      | Reached XP level 2. HP: 26/26 MP: 2/2
   965 | D:2      | Reached XP level 3. HP: 15/33 MP: 3/3
   974 | D:2      | Found an iron altar of Okawaru.
  1152 | D:2      | Found a hide-covered altar of Uskayaw.
  1153 | D:2      | Found a radiant altar of Vehumet.
  1155 | D:2      | Found a shimmering altar of Xom.
  1155 | D:2      | Found a stormy altar of Qazlal.
  1603 | D:2      | Noticed Robin
  1605 | D:2      | Reached skill level 4 in Fighting
  1624 | D:2      | HP: 2/49 [goblin/+0 club[Robin] (3)]
  1627 | D:2      | Killed Robin
  1627 | D:2      | Reached XP level 4. HP: 2/40 MP: 4/4
  1627 | D:2      | Succumbed to Robin's poison

Levels and vault maps discovered:
D:1:      sevenhm_arrival_forest_fort_small_6, layout_basic, serial_rivers,
          chequers_serial_rivers_micro_b, chequers_serial_rivers_micro_b,
          chequers_serial_rivers_micro_e, chequers_serial_rivers_small_a,
          chequers_serial_rivers_small_3
D:2:      layout_loops_ring, okawaru_metal_pillars_3, lemuel_doored_altar,
          chequers_temple_overflow_statue_of_worship,
          chequers_ecumenical_altar_simple_redux, uniq_robin

Skill      XL: |  1  2  3 |
---------------+----------+-----
Dodging        | 3 |  3.4
Fighting       | 4 |  4.1
Maces & Flails | |  3.8

Action                   |  1- 3 |  4- 6 || total
-------------------------+-------+-------++-------
Melee: Mace              |    74 |       ||    74
       Tailslap          |    10 |       ||    10
Invok: Berserk           |     2 |       ||     2
 Stab: Sleeping          |     1 |       ||     1
  Eat: Chunk             |     3 |       ||     3
Armor: Skin              |    30 |       ||    30
Dodge: Dodged            |    59 |       ||    59
